 Dungeon Crawl Stone Soup version 0.31.0-7-gf635a9b802 (webtiles) character file.

Game seed: 156428031434021099

3969 Curundu the Cleaver (level 10, 0/90 HPs)
             Began as a Minotaur Berserker on Jan 23, 2024.
             Was a Priest of Trog.
             Slain by an orc warrior
             ... wielding a +0 halberd
              (5 damage)
             ... on level 8 of the Dungeon.
             The game lasted 00:24:32 (7526 turns).

Curundu the Cleaver (Minotaur Berserker)            Turns: 7526, Time: 00:24:33

Health: 0/90       AC: 18    Str: 36    XL:     10   Next: 2%
Magic:  9/9        EV: 10    Int:  4    God:    Trog [***...]
Gold:   678        SH:  0    Dex: 11    Spells: 9/9 levels left

rFire   . . .        o - +2 morningstar
rCold   . . .        (no shield)
rNeg    . . .        r - +0 plate armour
rPois   .            d - +2 hat
rElec   .            t - +0 cloak
rCorr   +            n - +0 pair of gloves
SInv    .            s - +0 pair of boots of the Slightly Bent {Str+5}
Will    .....        (no amulet) Stlth
                     a - ring of the Worm {rCorr Str+6}
HPRegen 0.35/turn    x - ring of flight
MPRegen 0.11/turn

%: no passive effects
@: on berserk cooldown, flying, slowed, very slow
A: horns 2, retaliatory headbutt
a: Renounce Religion, Berserk, Trog's Hand


You were on level 8 of the Dungeon.
You worshipped Trog.
Trog was most pleased with you.
You visited 2 branches of the dungeon, and saw 9 of its levels.

You collected 678 gold pieces.

Inventory:

Hand Weapons
 o - a +2 morningstar (weapon)
Missiles
 m - 7 boomerangs (quivered)
 u - a throwing net
Armour
 d - a +2 hat (worn)
 n - a +0 pair of gloves (worn)
 r - a +0 plate armour (worn)
 s - the +0 pair of boots of the Slightly Bent (worn) {Str+5}
   (You acquired it on level 7 of the Dungeon)

   Str+5:     It affects your strength (+5).
 t - a +0 cloak (worn)
Jewellery
 a - the ring of the Worm (left hand) {rCorr Str+6}
   (You acquired it on level 7 of the Dungeon)

   [ring of strength]

   Str+6:     It affects your strength (+6).
   rCorr:     It protects you from acid and corrosion.
 x - a ring of flight (right hand)
Wands
 i - a wand of flame (36)
 k - a wand of roots (7)
Scrolls
 c - 3 scrolls of teleportation
 g - 2 scrolls of blinking
 q - 2 scrolls of poison {unknown}
 w - 2 scrolls of identify
 y - a scroll of enchant weapon {unknown}
Potions
 b - a potion of haste
 e - a potion of enlightenment
 f - a potion of curing
 h - 3 potions of attraction
 j - a potion of might
 l - a potion of lignification
 v - a potion of ambrosia
 z - 2 potions of brilliance {unknown}


   Skills:
 + Level 8.4 Fighting
 + Level 11.3(11.8) Axes
 + Level 5.0(8.9) Maces & Flails
 + Level 6.5 Armour
 + Level 5.9 Dodging
 + Level 3.5 Stealth


You had 9 spell levels left.
You didn't know any spells.
Your spell library was empty.

Dungeon Overview and Level Annotations

Branches:
Dungeon (8/15)             Temple (1/1) D:6
   Lair: D:8-11

Altars:
Ashenzari
Cheibriados
Dithmenos
Elyvilon
Gozag
Hepliaklqana
Kikubaaqudgha
Makhleb
Nemelex Xobeh
Okawaru
Qazlal
Sif Muna
Trog
Uskayaw
Vehumet
Wu Jian
Xom
Yredelemnul
Zin
The Shining One


Innate Abilities, Weirdness & Mutations

You have a pair of horns on your head.
You reflexively headbutt those who attack you in melee.


Message History

The orc warrior hits you from afar with a +0 halberd.
* * * LOW HITPOINT WARNING * * *
You barely miss the orc. The orc closely misses you. You furiously retaliate!
You headbutt the orc!
You kill the orc!
Trog accepts your kill.
The orc warrior hits you from afar with a +0 halberd.
The orc hits you with a +0 flail.
* * * LOW HITPOINT WARNING * * *
The orc warrior hits you from afar with a +0 halberd.
* * * LOW HITPOINT WARNING * * *
You sock the orc!
You kill the orc!
Trog accepts your kill. The orc warrior barely misses you.
You feel the effects of Trog's Hand fading.
The orc warrior hits you with a +0 halberd.
* * * LOW HITPOINT WARNING * * *
The orc warrior hits you with a +0 halberd.
* * * LOW HITPOINT WARNING * * *
Items here: $ ))))))))))))))))) [[[[[[[[[ ††††††††.
You sock the orc warrior!
The orc warrior is severely wounded.
The orc warrior hits you but does no damage.
You completely miss the orc warrior. Your headbutt misses the orc warrior.
The orc warrior is severely wounded.
The orc warrior hits you with a +0 halberd.
* * * LOW HITPOINT WARNING * * *
The orc warrior hits you but does no damage.
You barely miss the orc warrior.
The orc warrior is severely wounded.
Your skin stops crawling.
You feel less strong-willed.
The orc warrior hits you with a +0 halberd.
* * * LOW HITPOINT WARNING * * *
You barely miss the orc warrior. Your headbutt misses the orc warrior.
The orc warrior is heavily wounded.
The orc warrior hits you with a +0 halberd!
* * * LOW HITPOINT WARNING * * *
The orc warrior hits you with a +0 halberd.
You die...

#..# # # #.# #..# #.#
##.## #..#
###.###...##
#..####<.....#.#.##
#.)))...###.##.##.####
#(.###..##...........#
#..# ##.###.##.##.##.#
#..# #......#.#$## #
#..######.######@#
#...........#...o.#
#.###.....###...$.#
#.#≈#####.###.$$..#
#.#≈# ##.#..#..._.#
#.#≈###.###.#######
...≈...## ##.#
...~.##.###..#
##.~.###.#.#.#


You could see an orc warrior.

Vanquished Creatures
  Pikel (D:5)
  A hornet (D:4)
  Sigmund (D:3)
  Menkaure (D:5)
  A water moccasin (D:7)
  3 orc warriors (D:8)
  A sky beast (D:7)
  2 ice beasts (D:6)
  3 black bears
  An ogre (D:5)
  A centaur (D:6)
  A lemure (D:5)
  4 bullfrogs
  3 scorpions
  9 wights
  A howler monkey (D:5)
  A bombardier beetle (D:4)
  4 hounds
  Crazy Yiuf (D:6)
  3 jellies
  4 orc priests
  Ijyb (D:5)
  2 sleepcaps
  3 iguanas
  5 orc wizards
  Robin (D:2)
  A gnoll (D:5)
  12 adders
  2 ufetubi (D:7)
  2 dart slugs
  3 ribbon worms
  38 orcs
  6 ball pythons
  4 bats
  9 endoplasms
  4 giant cockroaches
  15 goblins
  16 hobgoblins
  4 jackals (D:2)
  8 kobolds
  6 quokkas
  3 frilled lizards
  8 rats
200 creatures vanquished.

Notes
Turn   | Place    | Note
-------+----------+-------------------------------------------
     0 | D:1      | Curundu the Minotaur Berserker began the quest for the Orb.
     0 | D:1      | Reached XP level 1. HP: 19/19 MP: 0/0
   111 | D:1      | Reached XP level 2. HP: 27/27 MP: 1/1
   182 | D:1      | Reached skill level 4 in Axes
   584 | D:2      | Identified the +4 dagger of Amorality {vamp, ^Fragile Will+
                  | MP+9 Dex+6}
   658 | D:2      | Reached XP level 3. HP: 24/33 MP: 2/2
   964 | D:2      | Reached skill level 5 in Axes
   976 | D:2      | Reached ** piety under Trog
  1198 | D:2      | Reached XP level 4. HP: 41/41 MP: 3/3
  1256 | D:2      | Reached skill level 1 in Stealth
  1309 | D:2      | Found a shadowy altar of Dithmenos.
  1364 | D:2      | Noticed Robin
  1378 | D:2      | Killed Robin
  1718 | D:3      | Reached XP level 5. HP: 22/47 MP: 4/4
  1900 | D:3      | Found a shadowy altar of Dithmenos.
  2040 | D:3      | Noticed Sigmund
  2067 | D:3      | Killed Sigmund
  2068 | D:3      | Reached skill level 5 in Fighting
  2068 | D:3      | Reached skill level 6 in Axes
  2068 | D:3      | Reached XP level 6. HP: 37/56 MP: 5/5
  2801 | D:4      | Noticed a hornet
  2812 | D:4      | Paralysed by a hornet for 3 turns
  2818 | D:4      | Killed a hornet
  2819 | D:4      | Reached skill level 7 in Axes
  2819 | D:4      | Reached XP level 7. HP: 11/61 MP: 6/6
  3281 | D:4      | Reached *** piety under Trog
  3464 | D:4      | Reached skill level 8 in Axes
  3520 | D:4      | Found a broken altar of Ashenzari.
  3551 | D:4      | Found a burning altar of Makhleb.
  3604 | D:5      | Entered Level 5 of the Dungeon
  3612 | D:5      | Noticed Pikel
  3621 | D:5      | Killed Pikel
  3622 | D:5      | Reached skill level 9 in Axes
  3622 | D:5      | Reached skill level 5 in Dodging
  3622 | D:5      | Reached XP level 8. HP: 22/71 MP: 7/7
  3927 | D:5      | Noticed Ijyb
  3952 | D:5      | Killed Ijyb
  4321 | D:5      | Noticed Menkaure
  4328 | D:5      | Killed Menkaure
  5299 | D:6      | Found an ornate altar of the Wu Jian Council.
  5374 | D:6      | Reached XP level 9. HP: 73/79 MP: 8/8
  5450 | D:6      | Found a runed translucent door.
  5451 | D:6      | Noticed Crazy Yiuf
  5458 | D:6      | Killed Crazy Yiuf
  5611 | D:6      | Reached skill level 10 in Axes
  5624 | D:6      | Reached skill level 5 in Armour
  5708 | D:6      | Found a staircase to the Ecumenical Temple.
  5714 | Temple   | Entered the Ecumenical Temple
  5804 | D:6      | Found a shimmering blue altar of Sif Muna.
  5805 | D:6      | Found a sparkling altar of Nemelex Xobeh.
  5813 | D:6      | Found a basalt altar of Yredelemnul.
  5819 | D:6      | Found a white marble altar of Elyvilon.
  6481 | D:7      | Reached skill level 1 in Maces & Flails
  6490 | D:7      | Reached skill level 11 in Axes
  7132 | D:7      | Found a bloodstained altar of Trog.
  7180 | D:7      | Identified 2 scrolls of acquirement
  7180 | D:7      | Acquired the ring of the Worm {rCorr Str+6}
  7184 | D:7      | Acquired the +0 pair of boots of the Slightly Bent {Str+5}
  7392 | D:8      | Found a snail-covered altar of Cheibriados.
  7504 | D:8      | Reached XP level 10. HP: 15/90 MP: 9/9
  7512 | D:8      | Reached skill level 5 in Maces & Flails
  7526 | D:8      | Slain by an orc warrior

Illustrated notes

Levels and vault maps discovered:
D:1:      scummos_arrival_simple_fountains, layout_rooms, serial_forest,
          infiniplex_forest_lined_3_way, infiniplex_forest_straight_2,
          infiniplex_forest_lined_corner, infiniplex_forest_corner_1,
          infiniplex_forest_straight_4, infiniplex_forest_lined_room_2,
          kennysheep_flooded_box
D:2:      layout_loops_corners, basic_altar, kennysheep_nub, st_stairs_9,
          uniq_robin
D:3:      layout_basic, nicolae_dithmenos_the_darkroom, uniq_sigmund
D:4:      layout_basic, lightli_temple_of_fire, lemuel_round_altar,
          minmay_joined_circles
D:5:      layout_layer_cave, sigmund_army, uniq_menkaure, uniq_pikel, uniq_ijyb
D:6:      layout_basic, amcnicky_altar_gilded,
          nicolae_overflow_macrodata_refinement, temple_doors_e,
          chequers_serial_rivers_room_b, uniq_crazy_yiuf_cottage
D:7:      layout_cave_pods, kennysheep_mini_moat
D:8:      layout_loops_ring, mainiacjoe_overflow_brackets,
          mainiacjoe_overflow_24_doors, enter_bailey_3, special_room
          [special_room_orc], serial_shops, shop, serial_rivers,
          chequers_serial_rivers_large_a, chequers_serial_rivers_micro_b,
          chequers_serial_rivers_micro_a, chequers_serial_rivers_small_a,
          chequers_serial_rivers_small_a
Temple:   hellmonk_temple_flake

Skill      XL: |  1  2  3  4  5  6  7  8  9 10 |
---------------+-------------------------------+-----
Fighting       | 4 5 6 7 8 |  8.4
Axes           | 4 5 6 7 9 11 | 11.3
Stealth        | 1 2 3 |  3.5
Dodging        | 3 4 5 |  5.9
Armour         | 3 4 6 |  6.5
Maces & Flails | 4 5 |  5.0

Action                     |  1- 3 |  4- 6 |  7- 9 | 10-12 || total
---------------------------+-------+-------+-------+-------++-------
  Melee: Hand axe          |    89 |   133 |   215 |       ||   437
         Headbutt          |     7 |    24 |    51 |     2 ||    84
         Punch             |     1 |       |     7 |       ||     8
         Morningstar       |       |       |    95 |    17 ||   112
 Invoke: Trog's Hand       |       |     3 |    11 |       ||    14
         Berserk           |       |     3 |     5 |       ||     8
    Use: Scroll            |     2 |     2 |    11 |       ||    15
         Potion            |       |       |       |     1 ||     1
   Stab: Sleeping          |     1 |     1 |     4 |       ||     6
 Armour: Animal skin       |    58 |    89 |    17 |       ||   164
         Chain mail        |       |       |    82 |       ||    82
         Plate armour      |       |       |   223 |    33 ||   256
  Dodge: Dodged            |    53 |    91 |   167 |    10 ||   321
